 Dungeon Crawl Stone Soup version 0.29.1-1-gd02db6906a (webtiles) character file.

Game seed: 16570923454414613054

375 H0rd4k the Insei (level 6, -7/39 HPs)
             Began as an Octopode Transmuter on Oct 19, 2022.
             Mangled by Blork the orc
             ... wielding a +1 scimitar of distortion
              (17 damage)
             ... on level 5 of the Dungeon on Oct 20, 2022.
             The game lasted 00:02:32 (3394 turns).

H0rd4k the Insei (Octopode Transmuter)              Turns: 3394, Time: 00:02:33

Health: -7/39      AC:  1    Str:  9    XL:     6   Next: 72%
Magic:  8/9        EV: 14    Int: 17    God:
Gold:   131        SH:  0    Dex: 13    Spells: 8/9 levels left

rFire   . . .      SeeInvis .     - Unarmed
rCold   . . .      Faith    .   (no shield)
rNeg    . . .      Spirit   .   (helmet currently unavailable)
rPois   .          Reflect  .   (no amulet)
rElec   .          Harm     .   (no ring)
rCorr   .          Rampage  .   (no ring)
Will    .....                   (no ring)
Stlth   ++........              (no ring)
HPRegen 0.13/turn               (no ring)
MPRegen 0.11/turn               (no ring)
                                (no ring)
                                (no ring)

@: appendages
A: tentacle spike 3, almost no armour, amphibious, 8 rings, camouflage 1,
gelatinous body 1, (nimble swimmer 1), tentacles
a: End Transformation


You were on level 5 of the Dungeon.
One of your tentacles had grown a beastly spike.
You visited 1 branch of the dungeon, and saw 5 of its levels.

You collected 131 gold pieces.

Inventory:

Scrolls
 d - a scroll of immolation {unknown}
 g - 2 scrolls of fear {unknown}
 i - a scroll of butterflies {unknown}
 j - 2 scrolls of magic mapping {unknown}
 k - 3 scrolls of identify {unknown}
 l - 2 scrolls of blinking {unknown}
 m - a scroll of noise {unknown}
 o - a scroll of enchant weapon {unknown}
Potions
 a - a potion of lignification
 c - a potion of might {unknown}
 e - 3 potions of curing {unknown}
 f - 2 potions of ambrosia {unknown}
 h - a potion of haste {unknown}
 n - a potion of mutation {unknown}
 p - a potion of brilliance {unknown}


   Skills:
 + Level 1.8 Fighting
 + Level 3.7 Dodging
 + Level 5.8 Unarmed Combat
 + Level 2.4 Spellcasting
 + Level 2.6 Transmutations


You had 8 spell levels left.
You knew the following spells:

 Your Spells              Type           Power      Damage    Failure   Level
a - Beastly Appendage     Tmut           20%        N/A       6%          1

Your spell library contained the following spells:

 Spells                   Type           Power      Damage    Failure   Level
 Wereblood                Tmut           10%        N/A       10%         2
 Spider Form              Tmut/Pois      6%         N/A       32%         3
 Dazzling Flash           Conj/Hex       4%         N/A       50%         3
 Gell's Gravitas          Tloc           2%         N/A       50%         3
 Teleport Other           Tloc           2%         N/A       50%         3
 Ice Form                 Ice/Tmut       6%         N/A       73%         4
 Iskenderun's Mystic Bla  Conj/Tloc      2%         2d3       88%         4
 Summon Ice Beast         Ice/Summ       2%         N/A       88%         4
 Summon Mana Viper        Hex/Summ       2%         N/A       99%         5
 Dispersal                Tloc           1%         N/A       100%        6
 Starburst                Conj/Fire      1%         6d3       100%        6
 Monstrous Menagerie      Summ           1%         N/A       100%        7


Dungeon Overview and Level Annotations

Branches:
Dungeon (5/15)
 Temple: D:4-7

Altars:
Yredelemnul

Shops:
D:1 ?

Annotations:
D:4 Dowan, Duvessa
D:5 Blork the orc


Innate Abilities, Weirdness & Mutations

One of your tentacles has grown a beastly spike.
You cannot wear most types of armour.
You are amphibious.
You can wear up to eight rings at the same time.
Your skin changes colour to match your surroundings (Stealth+).
Your rubbery body absorbs attacks. (AC +1, EV +1)
((You are camouflaged when in or above water. (Stealth+)))
You have tentacles for arms and can constrict up to eight enemies at once.


Message History

It was a potion of heal wounds.
You feel much better.
Blork the orc hits you with a +1 scimitar of distortion!
Space warps around you.
You feel much better. Blork the orc barely misses you.
Casting: Beastly Appendage (safe; 6% risk of failure)
Confirm with . or Enter, or press ? or * to list all spells.
One of your tentacles grows a vicious spike.
Blork the orc completely misses you.
You barely miss Blork the orc. You grab Blork the orc.
You constrict Blork the orc, but do no damage.
Blork the orc hits you with a +1 scimitar of distortion.
Space warps around you.
You tentacle-slap Blork the orc.
Blork the orc is lightly wounded.
You constrict Blork the orc, but do no damage.
You tentacle-slap Blork the orc but do no damage.
You pierce Blork the orc.
You squeeze Blork the orc, but do no damage.
Blork the orc is lightly wounded.
You constrict Blork the orc, but do no damage.
Blork the orc gestures at you while chanting.
The puff of flame hits you!
You tentacle-slap Blork the orc.
Blork the orc is moderately wounded.
You constrict Blork the orc.
Blork the orc points at you and mumbles some strange words.
The puff of frost hits you.
You tentacle-slap Blork the orc.
You pierce Blork the orc.
You squeeze Blork the orc.
Blork the orc is severely wounded.
You constrict Blork the orc.
Blork the orc hits you with a +1 scimitar of distortion.
* * * LOW HITPOINT WARNING * * *
You tentacle-slap Blork the orc but do no damage.
You pierce Blork the orc.
Blork the orc is almost dead.
You constrict Blork the orc.
Blork the orc frowns.
Blork the orc hits you with a +1 scimitar of distortion!
You die...

~ .# ... ~#. ....
### ###. .... ...
... ..## #.###y#
..# #.##....... #.#
##.#..# # #.#
#.###.# #.###<####
##o#..# #........#
##@##...#
#.####.#.######.#
.### # #.#........#
.# #.#######..# .#
##.## #..# .#
#.###...### #..# .#
...........# ##..#
.#
##.###...#รท###...#
.............#.#


You could see Blork the orc.

Vanquished Creatures
  Prince Ribbit (D:5)
  2 hounds (D:5)
  2 iguanas
  An adder (D:3)
  3 dart slugs
  5 bats
  2 endoplasms
  5 giant cockroaches
  A goblin (D:1)
  2 hobgoblins (D:3)
  3 jackals (D:1)
  5 kobolds
  4 quokkas
  3 ball pythons
  4 frilled lizards
  5 rats
48 creatures vanquished.

Vanquished Creatures (others)
  3 plants (D:2)
  2 withered plants (D:2)
5 creatures vanquished.

Grand Total: 53 creatures vanquished

Notes
Turn   | Place    | Note
-------+----------+-------------------------------------------
     0 | D:1      | H0rd4k the Octopode Transmuter began the quest for the Orb.
     0 | D:1      | Reached XP level 1. HP: 13/13 MP: 3/3
   327 | D:1      | Found Otopaikh's Magic Scroll Shop.
   333 | D:1      | Reached XP level 2. HP: 15/18 MP: 5/5
   997 | D:2      | Reached XP level 3. HP: 22/23 MP: 6/6
  1110 | D:2      | Found a basalt altar of Yredelemnul.
  1408 | D:2      | Found a faded altar of an unknown god.
  1733 | D:3      | Reached skill level 4 in Unarmed Combat
  2227 | D:3      | Reached XP level 4. HP: 28/28 MP: 7/7
  2986 | D:4      | Noticed Dowan
  2986 | D:4      | Noticed Duvessa
  3012 | D:5      | Entered Level 5 of the Dungeon
  3012 | D:5      | Noticed Prince Ribbit
  3022 | D:5      | Killed Prince Ribbit
  3023 | D:5      | Reached skill level 5 in Unarmed Combat
  3023 | D:5      | Reached XP level 5. HP: 34/34 MP: 5/8
  3023 | D:5      | Reached XP level 6. HP: 39/39 MP: 5/9
  3383 | D:5      | Noticed Blork the orc
  3394 | D:5      | Mangled by Blork the orc

Illustrated notes

Levels and vault maps discovered:
D:1:      lightli_arrival_flooded_house, layout_basic, serial_shops,
          nicolae_shop_waterfront
D:2:      layout_rooms, basic_altar, shapermc_ecumenical_altar_flowoftime,
          kennysheep_doodads
D:3:      layout_basic, minmay_misc_feat_iff
D:4:      layout_layer_cave, uniq_robin, uniq_duvessa, uniq_menkaure
D:5:      lemuel_castle_with_subvaults [lemuel_castle_interior_carwin_2],
          layout_loops_ring, portal_sewer_entry_c, uniq_grinder, uniq_edmund,
          uniq_blork_the_orc, uniq_prince_ribbit1

Skill      XL: |  1  2  3  4 |
---------------+-------------+-----
Unarmed Combat | 4 5 |  5.8
Dodging        | 3 |  3.7
Fighting       | |  1.8
Spellcasting   | |  2.4
Transmutations | |  2.6

Action                   |  1- 3 |  4- 6 || total
-------------------------+-------+-------++-------
Melee: Unarmed           |   114 |    32 ||   146
       Constrict         |    32 |     7 ||    39
       Tentacles         |    23 |    12 ||    35
       Punch             |     8 |     2 ||    10
       Kick              |       |    12 ||    12
 Cast: Beastly Appendage |       |     5 ||     5
  Use: Potion            |       |     2 ||     2
 Stab: Sleeping          |     9 |     2 ||    11
Armor: Skin              |     5 |       ||     5
Dodge: Dodged            |    61 |    16 ||    77
